AoeStats
← Rentarō-san

Arabia

507977359Analyzed
1v1 RM · 12d ago on Sep 20, 2026· 78m 57s· 2 players
Game mode
Random Map
Map size
Tiny (2 player)
Population
200
Speed
Normal
Resources
Standard
Victory
Conquest
Starting age
Dark Age
Ending age
Imperial Age
RankedLock teamsTeams togetherTeam positionsShared explorationLock speedFull tech treeHidden civsTurbo modeCheats
Victory
Defeat
🇳🇱 Dravidians · Netherlands
926
+14
🇦🇹 Byzantines · Austria
886
-14
Rentarō-san
9:09 Loom
11:31 Feudal Age
12:21 Double-Bit Axe
13:44 Horse Collar
13:57 Gold Mining
18:31 Padded Archer Armor
23:06 Castle Age
23:32 Scale Mail Armor
23:38 Scale Barding Armor
23:43 Forging
23:24 Fletching
23:57 Bow Saw
23:48 Heavy Plow
24:03 Elite Skirmisher
24:06 Pikeman
24:40 Stone Mining
28:39 Bodkin Arrow
33:19 Gold Shaft Mining
33:23 Stone Shaft Mining
34:34 Leather Archer Armor
35:53 Chain Mail Armor
36:14 Iron Casting
41:28 Imperial Age
40:03 Wheelbarrow
40:20 Ballistics
39:56 Murder Holes
44:01 Chemistry
43:00 Halberdier
46:20 Two-Man Saw
50:06 Conscription
50:23 Hoardings
50:32 Squires
50:18 Arson
51:05 Hand Cart
52:14 Crop Rotation
54:04 Husbandry
53:26 Light Cavalry
53:27 Cavalier
54:32 Hussar
55:44 Chain Barding Armor
56:49 Plate Mail Armor
56:19 Bracer
56:49 Ring Archer Armor
60:13 Man-at-Arms
60:43 Gambesons
61:43 Long Swordsman
63:07 Plate Barding Armor
eXo BlackOut
2:42 Loom
10:32 Feudal Age
11:09 Double-Bit Axe
12:22 Man-at-Arms
14:21 Fletching
14:32 Scale Mail Armor
21:21 Castle Age
20:48 Stone Mining
22:20 Thumb Ring
26:26 Bow Saw
27:01 Bodkin Arrow
30:50 Padded Archer Armor
32:58 Chain Mail Armor
32:09 Elite Skirmisher
35:08 Medical Corps
36:37 Wheelbarrow
36:58 Ballistics
41:10 Imperial Age
38:58 Forging
38:54 Scale Barding Armor
39:36 Husbandry
40:33 Horse Collar
40:45 Gold Mining
42:07 Bracer
42:37 Conscription
44:13 Elite Elephant Archer
45:56 Wootz Steel
47:19 Heavy Plow
48:25 Two-Man Saw
48:26 Light Cavalry
49:39 Chain Barding Armor
50:56 Leather Archer Armor
51:08 Gambesons
50:43 Long Swordsman
52:01 Iron Casting
51:57 Plate Mail Armor
51:36 Two-Handed Swordsman
52:17 Squires
53:20 Champion
56:54 Arson
59:57 Blast Furnace
59:28 Ring Archer Armor
71:36 Pikeman
72:59 Halberdier
77:39 Hand Cart
Connection lost

Rejoining the realm…

Still unreachable

The connection could not be restored.

Session expired

The server has moved on; the page needs a fresh start.